 Dungeon Crawl Stone Soup version 0.20-a0-855-gd83b866 (webtiles) character file.

2885 nazoth the Basher (level 9, -13/71 HPs)
             Began as a Demonspawn Berserker on Mar 11, 2017.
             Was an Elder of Trog.
             Mangled by Menkaure (14 damage)
             ... on level 6 of the Dungeon.
             The game lasted 00:14:33 (7604 turns).

nazoth the Basher (Demonspawn Berserker)            Turns: 7604, Time: 00:14:34

Health: -13/71     AC: 10    Str: 20    XL:     9   Next: 48%
Magic:  0/18       EV: 12    Int:  9    God:    Trog [****..]
Gold:   254        SH:  0    Dex: 13    Spells: 8/8 levels left

rFire    . . .     SeeInvis .   a - +1 mace
rCold    + + .     Gourm    .   p - +0 scale mail
rNeg     . . .     Faith    .   (no shield)
rPois    .         Spirit   +   (helmet restricted)
rElec    .         Reflect  .   y - scarf {rC+}
rCorr    .         Harm     .   x - +0 pair of gloves
MR       .....                  (no boots)
Stlth    ..........             A - amulet of regeneration
Regen    0.7/turn               t - ring of magical power
MPRegen  0.4/turn               m - ring of protection from cold

@: lethally poisoned (-13 -> -24), exhausted, starving, hasted and slowed
A: horns 2, yellow scales 1, magic shield, magic regeneration
a: Berserk, Trog's Hand, Brothers in Arms, Burn Spellbooks, Renounce Religion


You were on level 6 of the Dungeon.
You worshipped Trog.
Trog was greatly pleased with you.
You were starving.

You visited 1 branch of the dungeon, and saw 7 of its levels.

You collected 254 gold pieces.

Inventory:

Hand Weapons
 a - a +1 mace (weapon)
Armour
 b - a +0 animal skin
 p - a +0 scale mail (worn)
 x - a +0 pair of gloves (worn)
 y - a scarf of cold resistance (worn)
Jewellery
 m - a ring of protection from cold (left hand)
 r - a +2 ring of intelligence
 t - a ring of magical power (right hand)
 A - an amulet of regeneration (around neck)
Wands
 z - a wand of random effects (24/48)
 D - a wand of digging (12/24)
 E - a wand of disintegration (12/24)
 G - a wand of flame (27/48)
Scrolls
 d - a scroll of teleportation
 e - 4 scrolls of identify
 g - 4 scrolls of remove curse
 n - a scroll of immolation {unknown}
 C - a scroll of enchant weapon
Potions
 f - 2 potions of magic {unknown}
 h - a potion of curing {unknown}
 i - 3 potions of lignification
 k - 2 potions of haste
 o - 2 potions of berserk rage {unknown}
 q - a potion of degeneration {unknown}
 s - a potion of invisibility {unknown}
 u - 4 potions of heal wounds {unknown}
 v - a potion of mutation {unknown}
 B - 2 potions of ambrosia {unknown}
Comestibles
 c - 4 bread rations
 j - 4 meat rations
 l - 2 royal jellies
 w - 4 fruits


   Skills:
 + Level 6.9 Fighting
 + Level 8.3 Maces & Flails
 + Level 6.2 Armour
 + Level 4.1 Dodging
 - Level 1.1 Stealth


You had 8 spell levels left.
You didn't know any spells.

Dungeon Overview and Level Annotations

Branches:
Dungeon (7/15)             Temple (0/1) D:4

Altars:
Cheibriados
Dithmenos
Fedhas
Hepliaklqana
Qazlal
Trog
Uskayaw
Xom
Yredelemnul
Zin
The Shining One

Annotations:
D:6 Menkaure


Innate Abilities, Weirdness & Mutations

You have a pair of horns on your head.
You are partially covered in yellow scales. (AC +2)
When hurt, damage is shared between your health and your magic reserves.
You regenerate magic rapidly.


Message History

* * * LOW HITPOINT WARNING * * *
You are more poisoned.
You feel as though you will be slow longer.
Menkaure completely misses you.
You climb upwards.
You feel very sick.
There is a stone staircase leading down here.
You barely miss the hornet.
The hornet is almost dead.
You feel sick. The hornet misses you.
Menkaure forgets how to speak, silenced by the ages.
Menkaure closely misses you. The hornet stings you!
* * * LOW HITPOINT WARNING * * *
You are more poisoned.
You feel as though you will be slow longer.
It was a potion of haste.
You feel yourself speed up.
* * * LOW HITPOINT WARNING * * *
You feel very sick. The hornet barely misses you. Menkaure hits you!
You die...

#######.#......#.# #........ #
#.#.####.#.# #........ # #.#.#
#.#.# #........ # #.#.####...#
######### # #<#....##..# #
######.##..# # ##########.##..#
# #.............M# #
##.##########y@# #
#.########################## #
#.##........##.............#
####.##........##.............#
#.....'........##.............#
...รท###........##.............#
....# #........##.............#
....# #........##.............#
..#####........#.)............#


You could see a hornet and Menkaure.

Vanquished Creatures
  Pikel (D:7)
  Eustachio (D:5)
  An ice beast (D:5)
  4 sky beasts
  5 ogres
  2 centaurs
  2 bullfrogs
  2 scorpions (D:6)
  5 wights (D:6)
  A crimson imp (D:6)
  4 howler monkeys
  A bullfrog skeleton (D:5)
  2 hounds
  3 orc wizards
  3 orc priests
  An iguana (D:5)
  6 worker ants
  A hound skeleton (D:6)
  4 gnolls (D:5)
  8 adders
  2 adder skeletons
  A worm (D:2)
  3 dart slugs
  7 leopard geckos
  31 orcs
  6 giant cockroaches
  7 hobgoblins
  7 jackals
  2 quokkas
  2 ball pythons
  7 bats
  5 frilled lizards
  11 goblins
  12 kobolds
  A leopard gecko zombie (D:5)
  6 rats
167 creatures vanquished.

Notes
Turn   | Place    | Note
-------+----------+-------------------------------------------
     0 | D:1      | nazoth the Demonspawn Berserker began the quest for the Orb.
     0 | D:1      | Reached XP level 1. HP: 18/18 MP: 1/1
    93 | D:1      | Found a glowing golden altar of the Shining One.
   585 | D:1      | Gained mutation: When hurt, damage is shared between your health and your magic reserves. [demonic ancestry]
   585 | D:1      | Reached XP level 2. HP: 24/24 MP: 2/2
  1549 | D:2      | Reached XP level 3. HP: 29/29 MP: 3/3
  1571 | D:2      | Reached skill level 3 in Maces & Flails
  1572 | D:2      | Reached ** piety under Trog
  1854 | D:2      | Found a blossoming altar of Fedhas.
  1969 | D:2      | Found a stormy altar of Qazlal.
  2007 | D:2      | Found a shadowy altar of Dithmenos.
  2033 | D:2      | HP: 1/29 [worm (8)]
  2492 | D:2      | Found a basalt altar of Yredelemnul.
  2590 | D:2      | Gained mutation: You have a pair of small horns on your head. [demonic ancestry]
  2590 | D:2      | Reached XP level 4. HP: 34/37 MP: 2/4
  2824 | D:3      | Found a faded altar of an unknown god.
  2873 | D:3      | Reached skill level 1 in Stealth
  3245 | D:3      | Gained mutation: You regenerate magic rapidly. [demonic ancestry]
  3245 | D:3      | Reached XP level 5. HP: 26/42 MP: 1/5
  4040 | D:3      | Reached skill level 4 in Maces & Flails
  4056 | D:3      | Reached *** piety under Trog
  4193 | D:4      | Reached XP level 6. HP: 49/49 MP: 6/6
  4215 | D:4      | Found a snail-covered altar of Cheibriados.
  4286 | D:4      | Found a staircase to the Ecumenical Temple.
  4664 | D:4      | Reached skill level 5 in Maces & Flails
  4664 | D:4      | Gained mutation: You are partially covered in yellow scales. (AC +2) [demonic ancestry]
  4664 | D:4      | Reached XP level 7. HP: 47/55 MP: 3/7
  4937 | D:4      | Found Zakin's Antique Armour Shoppe.
  5026 | D:5      | Entered Level 5 of the Dungeon
  5035 | D:5      | Reached skill level 5 in Fighting
  5354 | D:5      | Reached skill level 6 in Maces & Flails
  5663 | D:5      | Noticed Eustachio
  5705 | D:5      | Killed Eustachio
  5705 | D:5      | Reached **** piety under Trog
  5705 | D:5      | Gained mutation: You have a pair of horns on your head. [demonic ancestry]
  5705 | D:5      | Reached XP level 8. HP: 59/62 MP: 8/8
  5919 | D:5      | Found a glowing golden altar of the Shining One.
  5920 | D:5      | Found a shadowy altar of Dithmenos.
  5922 | D:5      | Found a bloodstained altar of Trog.
  5922 | D:5      | Found a glowing silver altar of Zin.
  6257 | D:5      | Found a hazy altar of Hepliaklqana.
  6258 | D:5      | Found a shimmering altar of Xom.
  6258 | D:5      | Noticed a hell beast
  6259 | D:5      | Noticed a spectral ugly thing
  6259 | D:5      | Noticed a hell beast
  6647 | D:6      | Reached skill level 7 in Maces & Flails
  6922 | D:6      | Reached skill level 5 in Armour
  7086 | D:6      | Reached XP level 9. HP: 66/69 MP: 6/9
  7242 | D:6      | Found a hide-covered altar of Uskayaw.
  7381 | D:7      | Noticed Pikel
  7394 | D:7      | Killed Pikel
  7394 | D:7      | Reached skill level 8 in Maces & Flails
  7409 | D:7      | Noticed Menkaure
  7591 | D:7      | Paralysed by a hornet for 1 turns
  7603 | D:6      | HP: 3/71 [hornet (6)]
  7604 | D:6      | HP: 1/71 [poisoned by a hornet]
  7604 | D:6      | Mangled by Menkaure

Vault maps used:
D:1:      dpeg_arrival_round_c, tso_metal_star
D:2:      grunt_temple_overflow_forces_of_nature, yredelemnul_altar_generic,
          nicolae_dithmenos_shadow_blocks
D:3:      corexii_shack_village, chequers_ecumenical_altar_island, first_bread
D:4:      kennysheep_slug_shrine, minmay_temple_entry_butterflies, serial_shops,
          nicolae_shop_behind_doors
D:5:      regret_index_temple_of_mockery,
          chequers_temple_overflow_statue_of_worship, uniq_eustachio
D:6:      basic_altar
D:7:      serial_shops, nicolae_shop_stone, grunt_ministairs_6, uniq_pikel,
          uniq_menkaure

Skill      XL: |  1  2  3  4  5  6  7  8  9 |
---------------+----------------------------+-----
Armour         | 2 3 4 5 6 |  6.2
Maces & Flails | 3 4 5 6 7 8 |  8.3
Dodging        | 2 3 4 |  4.1
Stealth        | 1 |  1.1
Fighting       | 4 5 6 |  6.9

Action                   |  1- 3 |  4- 6 |  7- 9 || total
-------------------------+-------+-------+-------++-------
Melee: Mace              |   142 |   223 |   298 ||   663
       Headbutt          |       |    35 |    61 ||    96
Invok: Berserk           |       |     3 |     7 ||    10
       Trog's Hand       |       |       |     4 ||     4
  Use: Scroll            |       |     8 |     2 ||    10
       Potion            |       |       |     2 ||     2
 Stab: Sleeping          |     1 |       |       ||     1
  Eat: Chunk             |     5 |     9 |     8 ||    22
       Bread ration      |       |       |     2 ||     2
Armor: Animal skin       |    36 |       |       ||    36
       Scale mail        |    21 |    80 |   174 ||   275
       Skin              |       |       |    17 ||    17
Dodge: Dodged            |   129 |   146 |   244 ||   519
